Map: Acropolis LE

Players

Nigrnog - Winner!

  • Race: Terran Terran
  • League: Silver
  • Spawn Location: 5:00

MooEsqoo

  • Race: Zerg Zerg
  • Spawn Location: 11:00

VOD

Have the link to the VOD?

Description

Time

  • Played on: Dec. 18, 2019, 8:31 a.m.
  • Length: 5:34
Show
View Real Time Build Order
Export as new Build Order

Nigrnog Terran - Winner!

Build Orders:  

Get SALT Encoding   

  12  0:01  SCV  
  13  0:13  SCV  
  14  0:25  SCV, Supply Depot  
  15  0:46  SCV  
  15  0:49  Barracks  
  16  0:58  SCV, Barracks  
  17  1:10  Barracks  
  17  1:11  SCV  
  18  1:23  SCV  
  19  1:35  SCV  
  19  1:39  Supply Depot  
  20  1:42  Marine  
  21  1:47  SCV, Marine  
  23  1:56  Supply Depot  
  23  2:00  SCV, Marine x2  
  26  2:08  Marine  
  26  2:13  SCV  
  28  2:18  Marine x2  
  30  2:26  Barracks, Marine  
  31  2:36  Marine x2  
  33  2:40  Supply Depot  
  33  2:42  SCV  
  34  2:44  Marine  
  35  2:54  Marine x2  
  35  2:57  Supply Depot  
  37  3:02  Marine  
  38  3:11  Marine x2  
  38  3:12  SCV  
  41  3:13  Supply Depot  
  41  3:19  Marine  
  42  3:29  Marine x2  
  42  3:34  Marine  
  45  3:37  Marine  
  46  3:47  Marine  
  47  3:51  Supply Depot, Marine  
  47  3:55  Marine  
  48  3:57  Marine  
  50  4:05  Marine  
  50  4:06  SCV  
  50  4:09  Refinery, Marine  
  53  4:13  Marine  
  53  4:14  Supply Depot, Marine  
  55  4:23  Marine  
  56  4:27  Marine  
  56  4:31  Marine  
  57  4:32  Marine  
  59  4:40  Marine  
  59  4:45  Marine  
  61  4:49  Marine  
  61  4:50  Marine  
  63  4:58  Marine  
  64  5:03  Marine  
  64  5:06  Marine  
  66  5:08  Marine  
  67  5:16  Marine  
Show
View Real Time Build Order
Export as new Build Order

MooEsqoo Zerg 

Build Orders: Hatch First 

Get SALT Encoding   

  12  0:03  Drone  
  13  0:13  Overlord  
  13  0:17  Drone  
  14  0:34  Drone  
  14  0:35  Drone  
  16  0:38  Drone  
  17  0:59  Hatchery  
  17  1:03  Drone  
  17  1:04  Drone  
  18  1:18  Extractor  
  17  1:21  Spawning Pool  
  17  1:23  Drone  
  17  1:24  Drone  
  18  1:30  Overlord  
  18  1:44  Drone  
  19  1:53  Drone  
  20  2:01  Overlord  
  20  2:08  Queen  
  20  2:11  Queen  
  20  2:14  Zergling x4  
  26  2:21  Metabolic Boost  
  26  2:24  Drone  
  26  2:27  Drone  
  28  2:36  Drone x2  
  30  2:45  Drone x2  
  30  2:49  Queen  
  34  3:05  Queen  
  35  3:21  Drone x3  
  35  3:22  Overlord x2, Drone  
  39  3:43  Hatchery  
  38  3:55  Zergling x4  
  40  3:56  Drone x2  
  40  3:57  Drone x2  
  44  4:03  Drone x2  
  44  4:04  Drone x3  
  49  4:15  Extractor  
  48  4:17  Extractor  
  48  4:21  Extractor, Drone x4  
  48  4:22  Roach Warren  
  49  4:25  Evolution Chamber  
  49  4:27  Evolution Chamber  
  49  4:30  Drone x2  
  49  4:36  Drone  
  50  5:04  Drone  
  50  5:05  Drone x8  
  50  5:06  Drone  
Tags
 
League
Silver
Matchup
TvZ
Spawn Locations
Cross Positions
Add a new tag
Caveats
  • Supply blocks, unpowered buildings, or Contaminate may cause inaccurate times.
  • Supply counts are checked every 10 seconds.